Staline vs Thunder (R1)

Created - 9 mai 2016 at 19:00

Goals
1 2 3 T
Staline 2 2 2 6
Thunder 1 1 0 2
Shots
1 2 3 T
Staline 12 12 15 39
Thunder 6 19 4 29

1st period

1. Staline , James Sheppard 2 (Greg Pateryn, Jordan Caron) at 3:03
2. Thunder , Brandon Mashinter 2 (Robin Leblanc, Adam Hall) at 3:58
3. Staline , James Sheppard 3 (David Desharnais, Jordan Caron) at 14:56

Penalties :
No Penalty

2nd period

4. Staline , Bryan Bickell 2 (Cody Eakin, Mark Stone) at 4:04
5. Staline , Bryan Bickell 3 (Torey Krug, David Kolomatis) at 9:13
6. Thunder , Adam Hall 2 (Matt Generous, Jordie Benn) at 15:00

Penalties :
Greg Pateryn (StJ) for Tripping (Minor) at 10:31, Scott Parse (TRO) for Roughing (Double Minor) at 18:42

3rd period

7. Staline , Cody Eakin 3 (Aaron Ness, Mark Stone) at 5:29
8. Staline , Andrei Loktionov 4 (Brian Gionta) at 16:17

Penalties :
Mat Clark (TRO) for Holding (Minor) at 3:00, Mark Fraser (StJ) for Interference (Minor) at 5:58, Adam Hall (TRO) for Hooking (Minor) at 16:39

Goalie Stats

Allen York (StJ), 27 saves from 29 shots - (0,931), W, 1-0-0, 60:00 minutes
Barry Brust (TRO), 33 saves from 39 shots - (0,846), L, 1-3-0, 60:00 minutes

Players Stats for Staline

Player Name              G  A  P  +/- PIM S  H  SB GA TA FO     MP     PP MP  PK MP  
------------------------------------------------------------------------------------
Aaron Ness               0  1  1   1  0   0  1  0  0  0  0/0    12:33   0:00   1:22 
Andrei Loktionov         1  0  1   1  0   5  1  2  4  2  8/18   23:40   4:16   1:59 
Brian Gionta             0  1  1   1  0   2  0  0  1  1  0/2    20:38   4:02   0:55 
Bryan Bickell            2  0  2   2  0   3  1  0  0  0  0/0     8:27   0:00   1:04 
Cody Eakin               1  1  2   2  0   1  0  0  1  0  1/2     7:33   0:00   0:10 
David Desharnais         0  1  1   1  0   1  1  0  0  0  2/7    10:35   0:33   0:00 
David Kolomatis          0  1  1   0  0   0  1  3  0  0  0/0    20:57   3:23   1:40 
Evgeny Dadonov           0  0  0   1  0   3  1  0  0  0  2/3    23:40   4:16   1:59 
Greg Pateryn             0  1  1   1  2   0  2  0  0  1  0/0    12:49   0:00   0:00 
James Sheppard           2  0  2   1  0   3  2  0  0  0  0/0    11:15   0:19   0:54 
Jiri Tlusty              0  0  0   0  0   3  0  2  1  0  1/1    16:37   3:22   0:00 
Jordan Caron             0  2  2   1  0   1  1  0  1  0  0/1    10:21   0:19   0:00 
Mark Fraser              0  0  0   3  2   2  0  1  0  0  0/0    26:47   4:34   1:09 
Mark Stone               0  2  2   2  0   3  0  1  0  0  0/0     7:23   0:00   0:00 
Nick Spaling             0  0  0   0  0   1  2  0  0  0  2/4    16:37   3:22   0:00 
Stu Bickel               0  0  0   3  0   1  4  4  0  0  0/0    27:52   4:34   2:18 
Torey Krug               0  1  1   0  0   4  1  0  0  1  0/0    20:44   3:23   1:27 
Yan Stastny              0  0  0   0  0   6  1  1  0  0  6/15   17:32   3:22   0:55 

Players Stats for Thunder

Player Name              G  A  P  +/- PIM S  H  SB GA TA FO     MP     PP MP  PK MP  
------------------------------------------------------------------------------------
Adam Hall                1  1  2   1  2   3  2  1  1  0  1/2    19:45   2:11   3:04 
Bobby Farnham            0  0  0   0  0   0  0  0  0  0  0/0     2:02   0:00   0:00 
Brandon Mashinter        1  0  1  -1  0   3  3  0  1  0  2/7    14:40   0:00   0:00 
Brett Festerling         0  0  0  -2  0   0  0  0  0  0  0/0    10:25   0:00   0:00 
Casey Pierro-Zabotel     0  0  0  -1  0   0  1  0  0  0  0/1    15:58   0:00   1:10 
Colby Cohen              0  0  0   0  0   0  0  0  0  1  0/0     6:05   0:00   0:00 
Dany Roussin             0  0  0  -2  0   3  0  0  0  1  0/0    17:44   1:47   3:09 
Daultan Leveillé         0  0  0  -2  0   1  2  0  0  0  0/1     6:05   0:00   0:00 
David Clarkson           0  0  0  -2  0   0  2  0  0  0  0/0    15:12   1:47   0:37 
David Fischer            0  0  0  -1  0   1  0  1  0  1  0/0    19:55   1:49   3:33 
Derek Forbort            0  0  0   0  0   0  0  0  0  0  0/0     0:00   0:00   0:00 
Dmitri Orlov             0  0  0   0  0   0  0  0  0  0  0/0     6:05   0:00   0:00 
Jannik Hansen            0  0  0  -2  0   0  0  0  0  0  0/0     6:05   0:00   0:00 
Jesse Blacker            0  0  0   0  0   0  0  0  0  0  0/0     0:00   0:00   0:00 
Joey Ryan                0  0  0  -1  0   1  1  0  0  1  0/0    19:55   1:49   3:33 
Jordie Benn              0  1  1  -1  0   2  3  1  0  1  0/0    23:35   2:09   4:24 
Kelly Zajac              0  0  0   0  0   0  0  0  0  0  0/0     0:00   0:00   0:00 
Mat Clark                0  0  0  -2  2   0  0  1  0  0  0/0    10:25   0:00   0:00 
Matt Generous            0  1  1  -1  0   2  1  1  0  2  0/0    23:35   2:09   4:24 
Pierre-Alexandre Parente 0  0  0   0  0   0  0  0  0  0  0/0     0:00   0:00   0:00 
Robin Leblanc            0  1  1  -1  0   3  0  1  0  1  2/3    17:38   0:00   2:57 
Ryan O'Reilly            0  0  0  -2  0   1  0  0  0  0  7/11   16:58   1:47   2:23 
Scott Parse              0  0  0  -1  4   3  2  0  2  0  3/4    22:45   2:11   2:07 
Taylor Doherty           0  0  0   0  0   0  0  0  0  0  0/0     0:00   0:00   0:00 
Tom Pyatt                0  0  0   1  0   6  1  0  1  0  16/24  17:08   2:11   0:27 

3 Stars

1 - Bryan Bickell (StJ)
2 - James Sheppard (StJ)
3 - Cody Eakin (StJ)

Power Play

Staline - 0 on 4 Attempt(s) - 0,00%
Thunder - 0 on 2 Attempt(s) - 0,00%

Penalty Kill

Staline - 2 on 2 Attempt(s) - 100,00% - Score 0 goal in Penalty Kill
Thunder - 4 on 4 Attempt(s) - 100,00% - Score 0 goal in Penalty Kill

Team Stat

Staline - Hits : 19 - Faceoff Wins : 22 - Blocked Shots : 14 - Penalty Minutes : 4
Thunder - Hits : 18 - Faceoff Wins : 31 - Blocked Shots : 6 - Penalty Minutes : 8

Official

Referees : Dwyer Gord and Hasenfratz Mike
Linesman : Ryan Galloway and Mark Wheler

Game Notes

No Game Note

Finance

Level 1 -- Attendance: 1662 (83,10%) -- Ticket Income 58 170 $
Level 2 -- Attendance: 777 (77,70%) -- Ticket Income 11 655 $
Total Attendance: 2439 (81,30%)
Total Ticket Income: 69 825 $
Other Income: 3 491 $
Total Income: 73 316 $

Staline

5 vs 5 Forward 
   Center                   Left Wing                Right Wing               Time % Phy DF OF 
 1 Andrei Loktionov         Evgeny Dadonov           Brian Gionta             40     1   2  2  
 2 Yan Stastny              Nick Spaling             Jiri Tlusty              30     1   2  2  
 3 David Desharnais         James Sheppard           Jordan Caron             20     1   2  2  
 4 Cody Eakin               Bryan Bickell            Mark Stone               10     1   2  2  

5 vs 5 Defense 
   Defense                  Defense                                           Time % Phy DF OF 
 1 Stu Bickel               Mark Fraser                                       40     1   2  2  
 2 Torey Krug               David Kolomatis                                   30     1   2  2  
 3 Greg Pateryn             Aaron Ness                                        20     1   2  2  
 4 Stu Bickel               Mark Fraser                                       10     1   2  2  

PowerPlay Forward 
   Center                   Left Wing                Right Wing               Time % Phy DF OF 
 1 Andrei Loktionov         Evgeny Dadonov           Brian Gionta             60     1   2  2  
 2 Yan Stastny              Nick Spaling             Jiri Tlusty              40     1   2  2  

PowerPlay Defense
   Defense                  Defense                                           Time % Phy DF OF 
 1 Stu Bickel               Mark Fraser                                       60     1   2  2  
 2 Torey Krug               David Kolomatis                                   40     1   2  2  

Penalty Kill 4 Players Forward 
   Center                   Wing                     Time % Phy DF OF 
 1 Evgeny Dadonov           Andrei Loktionov         60     1   2  2  
 2 Yan Stastny              Brian Gionta             40     1   2  2  

Penalty Kill 4 Players Defense
   Defense                  Defense                  Time % Phy DF OF 
 1 Stu Bickel               Mark Fraser              60     1   2  2  
 2 Torey Krug               David Kolomatis          40     1   2  2  

Penalty Kill - 3 Players Forward 
   Forward                                           Time % Phy DF OF 
 1 Evgeny Dadonov                                    60     1   2  2  
 2 Andrei Loktionov                                  40     1   2  2  

Penalty Kill - 3 Players Defense
   Defense                  Defense                  Time % Phy DF OF 
 1 Stu Bickel               Mark Fraser              60     1   2  2  
 2 Torey Krug               David Kolomatis          40     1   2  2  

4 vs 4 Forward 
   Center                   Wing                     Time % Phy DF OF 
 1 Evgeny Dadonov           Andrei Loktionov         60     1   2  2  
 2 Yan Stastny              Brian Gionta             40     1   2  2  

4 vs 4 Defense
   Defense                  Defense                  Time % Phy DF OF 
 1 Stu Bickel               Mark Fraser              60     1   2  2  
 2 Torey Krug               David Kolomatis          40     1   2  2  

Last Minutes Offensive
   Center                   Left Wing                Right Wing               Defense                  Defense                  
   Andrei Loktionov         Evgeny Dadonov           Brian Gionta             Stu Bickel               Mark Fraser              

Last Minutes Defensive
   Center                   Left Wing                Right Wing               Defense                  Defense                  
   Andrei Loktionov         Evgeny Dadonov           Brian Gionta             Stu Bickel               Mark Fraser              

Goaltenders
Starting : Allen York               
Backup : Tobias Stephan           

Extra Forwards
Normal : David Desharnais, James Sheppard, Bryan Bickell - PP : David Desharnais, James Sheppard - PK : Bryan Bickell
Extra Defensemen
Normal : Greg Pateryn, Aaron Ness, Torey Krug - PP : Greg Pateryn - PK : Aaron Ness, Torey Krug
Penalty Shots
Evgeny Dadonov, Andrei Loktionov, Yan Stastny, Brian Gionta, Jiri Tlusty

Thunder

5 vs 5 Forward 
   Center                   Left Wing                Right Wing               Time % Phy DF OF 
 1 Tom Pyatt                Scott Parse              Adam Hall                40     1   2  2  
 2 Ryan O'Reilly            Dany Roussin             David Clarkson           30     1   2  2  
 3 Brandon Mashinter        Casey Pierro-Zabotel     Robin Leblanc            20     1   2  2  
 4 Daultan Leveillé         Scott Parse              Jannik Hansen            10     1   2  2  

5 vs 5 Defense 
   Defense                  Defense                                           Time % Phy DF OF 
 1 Matt Generous            Jordie Benn                                       40     1   2  2  
 2 David Fischer            Joey Ryan                                         30     1   2  2  
 3 Brett Festerling         Mat Clark                                         20     1   2  2  
 4 Colby Cohen              Dmitri Orlov                                      10     1   2  2  

PowerPlay Forward 
   Center                   Left Wing                Right Wing               Time % Phy DF OF 
 1 Tom Pyatt                Scott Parse              Adam Hall                60     1   2  2  
 2 Ryan O'Reilly            Dany Roussin             David Clarkson           40     1   2  2  

PowerPlay Defense
   Defense                  Defense                                           Time % Phy DF OF 
 1 Matt Generous            Jordie Benn                                       60     1   2  2  
 2 David Fischer            Joey Ryan                                         40     1   2  2  

Penalty Kill 4 Players Forward 
   Center                   Wing                     Time % Phy DF OF 
 1 Scott Parse              Adam Hall                60     1   2  2  
 2 Dany Roussin             David Clarkson           40     1   2  2  

Penalty Kill 4 Players Defense
   Defense                  Defense                  Time % Phy DF OF 
 1 Matt Generous            Jordie Benn              60     1   2  2  
 2 David Fischer            Joey Ryan                40     1   2  2  

Penalty Kill - 3 Players Forward 
   Forward                                           Time % Phy DF OF 
 1 Scott Parse                                       60     1   2  2  
 2 Adam Hall                                         40     1   2  2  

Penalty Kill - 3 Players Defense
   Defense                  Defense                  Time % Phy DF OF 
 1 Matt Generous            Jordie Benn              60     1   2  2  
 2 David Fischer            Joey Ryan                40     1   2  2  

4 vs 4 Forward 
   Center                   Wing                     Time % Phy DF OF 
 1 Scott Parse              Adam Hall                60     1   2  2  
 2 Dany Roussin             David Clarkson           40     1   2  2  

4 vs 4 Defense
   Defense                  Defense                  Time % Phy DF OF 
 1 Matt Generous            Jordie Benn              60     1   2  2  
 2 David Fischer            Joey Ryan                40     1   2  2  

Last Minutes Offensive
   Center                   Left Wing                Right Wing               Defense                  Defense                  
   Tom Pyatt                Scott Parse              Adam Hall                Matt Generous            Jordie Benn              

Last Minutes Defensive
   Center                   Left Wing                Right Wing               Defense                  Defense                  
   Tom Pyatt                Scott Parse              Adam Hall                Matt Generous            Jordie Benn              

Goaltenders
Starting : Barry Brust              
Backup : Devan Dubnyk             

Extra Forwards
Normal : Bobby Farnham, Kelly Zajac, Robin Leblanc - PP : Bobby Farnham, Kelly Zajac - PK : Robin Leblanc
Extra Defensemen
Normal : Jesse Blacker, Taylor Doherty, Derek Forbort - PP : Jesse Blacker - PK : Taylor Doherty, Derek Forbort
Penalty Shots
Scott Parse, Adam Hall, Dany Roussin, David Clarkson, Tom Pyatt

% Time on Ice - Staline

Lines # - Real PCT - Wanted PCT - Time Play
Normal Forward
1 - 36% - 40% - 17:25
2 - 28% - 30% - 13:15
3 - 21% - 20% - 10:02
4 - 15% - 10% - 7:23
Normal Defense
1 - 39% - 40% - 18:43
2 - 32% - 30% - 15:21
3 - 23% - 20% - 11:11
4 - 6% - 10% - 2:50
PP Forward
1 - 58% - 60% - 4:35
2 - 42% - 40% - 3:22
PP Defense
1 - 57% - 60% - 4:34
2 - 43% - 40% - 3:23
PK Forward
1 - 77% - 60% - 3:03
2 - 23% - 40% - 0:55
PK Defense
1 - 67% - 60% - 2:40
2 - 33% - 40% - 1:18
PK3 Forward
1 - 0% - 60%
2 - 0% - 40%
PK3 Defense
1 - 0% - 60%
2 - 0% - 40%
44 Forward
1 - 0% - 60%
2 - 0% - 40%
44 Defense
1 - 0% - 60%
2 - 0% - 40%
Last Minute Offensive  - 0:00
Last Minute Defensive  - 0:00
Total
Forward - 60:00
Defense - 60:00

% Time on Ice - Thunder

Lines # - Real PCT - Wanted PCT - Time Play
Normal Forward
1 - 30% - 40% - 14:32
2 - 27% - 30% - 12:48
3 - 31% - 20% - 14:40
4 - 13% - 10% - 6:05
Normal Defense
1 - 35% - 40% - 17:02
2 - 30% - 30% - 14:33
3 - 22% - 20% - 10:25
4 - 13% - 10% - 6:05
PP Forward
1 - 55% - 60% - 2:11
2 - 45% - 40% - 1:47
PP Defense
1 - 54% - 60% - 2:09
2 - 46% - 40% - 1:49
PK Forward
1 - 92% - 60% - 7:20
2 - 8% - 40% - 0:37
PK Defense
1 - 55% - 60% - 4:24
2 - 45% - 40% - 3:33
PK3 Forward
1 - 0% - 60%
2 - 0% - 40%
PK3 Defense
1 - 0% - 60%
2 - 0% - 40%
44 Forward
1 - 0% - 60%
2 - 0% - 40%
44 Defense
1 - 0% - 60%
2 - 0% - 40%
Last Minute Offensive  - 0:00
Last Minute Defensive  - 0:00
Total
Forward - 60:00
Defense - 60:00

Play by Play

1st period


0:01 of 1st period - Evgeny Dadonov wins face-off versus Tom Pyatt in neutral zone.
0:11 of 1st period - Icing by Mark Fraser.
0:12 of 1st period - Andrei Loktionov wins face-off versus Ryan O'Reilly in Staline zone.
1:19 of 1st period - Snap shot by Ryan O'Reilly.
1:19 of 1st period - Shot Blocked by Stu Bickel.
2:15 of 1st period - Snap shot by Dany Roussin.
2:15 of 1st period - Stopped by Allen York with a rebound.
2:20 of 1st period - Off-side.
2:21 of 1st period - Tom Pyatt wins face-off versus Yan Stastny in neutral zone.
2:23 of 1st period - Off-side.
2:24 of 1st period - Tom Pyatt wins face-off versus Yan Stastny in neutral zone.
2:27 of 1st period - Backhand shot by Scott Parse.
2:27 of 1st period - Shot Hit the Post.
2:51 of 1st period - Wrist shot by Adam Hall.
2:51 of 1st period - Stopped by Allen York without a rebound.
2:52 of 1st period - David Desharnais wins face-off versus Casey Pierro-Zabotel in Staline zone.
3:01 of 1st period - Wrist shot by Jordan Caron.
3:01 of 1st period - Stopped by Barry Brust with a rebound.
3:03 of 1st period - Backhand shot by Greg Pateryn.
3:03 of 1st period - Deflect By James Sheppard.
3:03 of 1st period - Goal by James Sheppard - Staline : 1 - Thunder : 0.
3:04 of 1st period - Tom Pyatt wins face-off versus Yan Stastny in neutral zone.
3:29 of 1st period - Jordie Benn is hit by James Sheppard and loses puck.
3:58 of 1st period - Wrist shot by Brandon Mashinter.
3:58 of 1st period - Goal by Brandon Mashinter - Staline : 1 - Thunder : 1.
3:59 of 1st period - Yan Stastny wins face-off versus Brandon Mashinter in neutral zone.
4:04 of 1st period - Snap shot by Yan Stastny.
4:04 of 1st period - Stopped by Barry Brust with a rebound.
4:10 of 1st period - Torey Krug is hit by Brandon Mashinter.
4:25 of 1st period - Daultan Leveillé is hit by Jordan Caron and loses puck.
5:07 of 1st period - Andrei Loktionov is hit by Adam Hall and loses puck.
5:24 of 1st period - Robin Leblanc is hit by Stu Bickel and loses puck.
6:32 of 1st period - Snap shot by Yan Stastny.
6:32 of 1st period - Stopped by Barry Brust without a rebound.
6:33 of 1st period - Yan Stastny wins face-off versus Brandon Mashinter in Thunder zone.
6:50 of 1st period - Slapshot by Nick Spaling.
6:50 of 1st period - Shot Misses the Net.
7:10 of 1st period - Snap shot by Yan Stastny.
7:10 of 1st period - Stopped by Barry Brust without a rebound.
7:11 of 1st period - David Desharnais wins face-off versus Tom Pyatt in Thunder zone.
7:14 of 1st period - Snap shot by David Desharnais.
7:14 of 1st period - Stopped by Barry Brust with a rebound.
7:36 of 1st period - Stu Bickel is hit by Matt Generous and loses puck.
7:57 of 1st period - Slapshot by Scott Parse.
7:57 of 1st period - Stopped by Allen York without a rebound.
7:58 of 1st period - Cody Eakin wins face-off versus Daultan Leveillé in Staline zone.
8:40 of 1st period - Snap shot by Daultan Leveillé.
8:40 of 1st period - Stopped by Allen York without a rebound.
8:41 of 1st period - Nick Spaling wins face-off versus Brandon Mashinter in Staline zone.
8:55 of 1st period - Matt Generous is hit by David Kolomatis and loses puck.
9:31 of 1st period - Wrist shot by Scott Parse.
9:31 of 1st period - Stopped by Allen York without a rebound.
9:32 of 1st period - Yan Stastny wins face-off versus Tom Pyatt in Staline zone.
9:43 of 1st period - Wrist shot by Yan Stastny.
9:43 of 1st period - Stopped by Barry Brust without a rebound.
9:44 of 1st period - Andrei Loktionov wins face-off versus Brandon Mashinter in Thunder zone.
9:53 of 1st period - Mark Fraser is hit by Brandon Mashinter and loses puck.
10:34 of 1st period - Snap shot by Cody Eakin.
10:34 of 1st period - Shot Hit the Post.
10:36 of 1st period - Slapshot by Torey Krug.
10:36 of 1st period - Deflect By Colby Cohen.
10:36 of 1st period - Stopped by Barry Brust with a rebound.
10:38 of 1st period - Slapshot by Torey Krug.
10:38 of 1st period - Shot Misses the Net.
11:02 of 1st period - Wrist shot by Evgeny Dadonov.
11:02 of 1st period - Stopped by Barry Brust without a rebound.
11:03 of 1st period - Brandon Mashinter wins face-off versus Brian Gionta in Thunder zone.
11:08 of 1st period - Snap shot by Robin Leblanc.
11:08 of 1st period - Shot Misses the Net.
12:33 of 1st period - Snap shot by Brandon Mashinter.
12:33 of 1st period - Shot Misses the Net.
12:47 of 1st period - Snap shot by Andrei Loktionov.
12:47 of 1st period - Shot Misses the Net.
13:27 of 1st period - Snap shot by Evgeny Dadonov.
13:27 of 1st period - Shot Misses the Net.
13:45 of 1st period - Snap shot by Andrei Loktionov.
13:45 of 1st period - Shot Misses the Net.
13:47 of 1st period - Slapshot by David Kolomatis.
13:47 of 1st period - Shot Blocked by Mat Clark.
13:49 of 1st period - Snap shot by Torey Krug.
13:49 of 1st period - Stopped by Barry Brust with a rebound.
13:51 of 1st period - Wrist shot by Torey Krug.
13:51 of 1st period - Stopped by Barry Brust without a rebound.
13:52 of 1st period - Yan Stastny wins face-off versus Tom Pyatt in Thunder zone.
13:58 of 1st period - Icing by Scott Parse.
13:59 of 1st period - Tom Pyatt wins face-off versus Yan Stastny in Thunder zone.
14:10 of 1st period - Snap shot by Adam Hall.
14:10 of 1st period - Shot Blocked by Jiri Tlusty.
14:56 of 1st period - Wrist shot by James Sheppard.
14:56 of 1st period - Goal by James Sheppard - Staline : 2 - Thunder : 1.
14:57 of 1st period - Tom Pyatt wins face-off versus David Desharnais in neutral zone.
15:09 of 1st period - Off-side.
15:10 of 1st period - Yan Stastny wins face-off versus Tom Pyatt in neutral zone.
15:21 of 1st period - Jordie Benn is hit by Nick Spaling and loses puck.
16:08 of 1st period - Mark Stone is hit by Scott Parse and loses puck.
17:50 of 1st period - Slapshot by Daultan Leveillé.
17:50 of 1st period - Shot Blocked by Yan Stastny.
Goals for this period are 2 for Staline vs 1 for Thunder.
Shots for this period are 12 for Staline vs 6 for Thunder.

2nd period


0:01 of 2nd period - Nick Spaling wins face-off versus Tom Pyatt in neutral zone.
0:12 of 2nd period - Snap shot by Adam Hall.
0:12 of 2nd period - Shot Blocked by Stu Bickel.
0:14 of 2nd period - Snap shot by Scott Parse.
0:14 of 2nd period - Shot Misses the Net.
0:16 of 2nd period - Slapshot by Jordie Benn.
0:16 of 2nd period - Stopped by Allen York with a rebound.
0:26 of 2nd period - Snap shot by Brandon Mashinter.
0:26 of 2nd period - Shot Misses the Net.
0:34 of 2nd period - Wrist shot by Brandon Mashinter.
0:34 of 2nd period - Stopped by Allen York without a rebound.
0:35 of 2nd period - Tom Pyatt wins face-off versus Andrei Loktionov in Staline zone.
0:44 of 2nd period - Scott Parse is hit by Greg Pateryn and loses puck.
2:11 of 2nd period - Brian Gionta is hit by David Clarkson and loses puck.
2:36 of 2nd period - Slapshot by Robin Leblanc.
2:36 of 2nd period - Stopped by Allen York with a rebound.
2:51 of 2nd period - Aaron Ness is hit by Daultan Leveillé and loses puck.
3:20 of 2nd period - Snap shot by James Sheppard.
3:20 of 2nd period - Shot Blocked by Adam Hall.
3:38 of 2nd period - Snap shot by Jiri Tlusty.
3:38 of 2nd period - Stopped by Barry Brust with a rebound.
3:40 of 2nd period - Wrist shot by Yan Stastny.
3:40 of 2nd period - Shot Blocked by Matt Generous.
3:42 of 2nd period - Slapshot by Mark Fraser.
3:42 of 2nd period - Stopped by Barry Brust with a rebound.
3:44 of 2nd period - Snap shot by Jiri Tlusty.
3:44 of 2nd period - Stopped by Barry Brust with a rebound.
3:46 of 2nd period - Slapshot by Nick Spaling.
3:46 of 2nd period - Stopped by Barry Brust with a rebound.
4:04 of 2nd period - Wrist shot by Bryan Bickell.
4:04 of 2nd period - Goal by Bryan Bickell - Staline : 3 - Thunder : 1.
4:05 of 2nd period - Tom Pyatt wins face-off versus Yan Stastny in neutral zone.
4:12 of 2nd period - Snap shot by Tom Pyatt.
4:12 of 2nd period - Stopped by Allen York with a rebound.
4:16 of 2nd period - Snap shot by Tom Pyatt.
4:16 of 2nd period - Shot Blocked by Stu Bickel.
4:18 of 2nd period - Snap shot by Scott Parse.
4:18 of 2nd period - Stopped by Allen York with a rebound.
4:20 of 2nd period - Slapshot by Tom Pyatt.
4:20 of 2nd period - Stopped by Allen York with a rebound.
4:32 of 2nd period - Wrist shot by Brandon Mashinter.
4:32 of 2nd period - Stopped by Allen York without a rebound.
4:33 of 2nd period - Andrei Loktionov wins face-off versus Brandon Mashinter in Staline zone.
5:26 of 2nd period - Off-side.
5:27 of 2nd period - Jiri Tlusty wins face-off versus Ryan O'Reilly in neutral zone.
5:30 of 2nd period - David Clarkson is hit by Stu Bickel.
5:50 of 2nd period - Wrist shot by Yan Stastny.
5:50 of 2nd period - Stopped by Barry Brust without a rebound.
5:51 of 2nd period - Tom Pyatt wins face-off versus Andrei Loktionov in Thunder zone.
6:17 of 2nd period - David Desharnais is hit by Brandon Mashinter and loses puck.
7:06 of 2nd period - Snap shot by Adam Hall.
7:06 of 2nd period - Shot Misses the Net.
7:08 of 2nd period - Snap shot by Tom Pyatt.
7:08 of 2nd period - Stopped by Allen York without a rebound.
7:09 of 2nd period - Andrei Loktionov wins face-off versus Tom Pyatt in Staline zone.
7:09 of 2nd period - Andrei Loktionov is hit by Adam Hall.
7:14 of 2nd period - Off-side.
7:15 of 2nd period - Tom Pyatt wins face-off versus Andrei Loktionov in neutral zone.
7:53 of 2nd period - Snap shot by Brandon Mashinter.
7:53 of 2nd period - Shot Blocked by Andrei Loktionov.
8:05 of 2nd period - Slapshot by Dany Roussin.
8:05 of 2nd period - Shot Misses the Net.
8:13 of 2nd period - Wrist shot by Ryan O'Reilly.
8:13 of 2nd period - Shot Misses the Net.
8:43 of 2nd period - Snap shot by Adam Hall.
8:43 of 2nd period - Shot Blocked by Jiri Tlusty.
9:05 of 2nd period - Slapshot by Bryan Bickell.
9:05 of 2nd period - Stopped by Barry Brust with a rebound.
9:07 of 2nd period - Slapshot by Torey Krug.
9:07 of 2nd period - Stopped by Barry Brust with a rebound.
9:09 of 2nd period - Snap shot by David Kolomatis.
9:09 of 2nd period - Shot Misses the Net.
9:11 of 2nd period - Slapshot by Torey Krug.
9:11 of 2nd period - Shot Misses the Net.
9:13 of 2nd period - Wrist shot by Bryan Bickell.
9:13 of 2nd period - Goal by Bryan Bickell - Staline : 4 - Thunder : 1.
9:14 of 2nd period - Adam Hall wins face-off versus Andrei Loktionov in neutral zone.
10:31 of 2nd period - Minor Penalty to Greg Pateryn for Tripping.
10:32 of 2nd period - Evgeny Dadonov wins face-off versus Tom Pyatt in Staline zone.
12:00 of 2nd period - David Kolomatis is hit by David Clarkson and loses puck.
12:31 of 2nd period - Penalty to Greg Pateryn is over, Greg Pateryn is back on ice.
13:11 of 2nd period - Slapshot by Andrei Loktionov.
13:11 of 2nd period - Shot Blocked by Robin Leblanc.
13:26 of 2nd period - Joey Ryan is hit by Andrei Loktionov and loses puck.
13:45 of 2nd period - Wrist shot by Evgeny Dadonov.
13:45 of 2nd period - Shot Misses the Net.
13:57 of 2nd period - Snap shot by Robin Leblanc.
13:57 of 2nd period - Shot Misses the Net.
13:59 of 2nd period - Slapshot by Robin Leblanc.
13:59 of 2nd period - Stopped by Allen York with a rebound.
14:03 of 2nd period - Slapshot by Robin Leblanc.
14:03 of 2nd period - Shot Misses the Net.
14:05 of 2nd period - Snap shot by Brandon Mashinter.
14:05 of 2nd period - Shot Misses the Net.
14:07 of 2nd period - Wrist shot by Casey Pierro-Zabotel.
14:07 of 2nd period - Shot Blocked by Andrei Loktionov.
14:09 of 2nd period - Backhand shot by Joey Ryan.
14:09 of 2nd period - Stopped by Allen York without a rebound.
14:10 of 2nd period - Scott Parse wins face-off versus Yan Stastny in Staline zone.
14:25 of 2nd period - Snap shot by Adam Hall.
14:25 of 2nd period - Stopped by Allen York without a rebound.
14:26 of 2nd period - Ryan O'Reilly wins face-off versus Jordan Caron in Staline zone.
14:29 of 2nd period - Snap shot by Ryan O'Reilly.
14:29 of 2nd period - Shot Misses the Net.
14:31 of 2nd period - Slapshot by Matt Generous.
14:31 of 2nd period - Stopped by Allen York without a rebound.
14:32 of 2nd period - Ryan O'Reilly wins face-off versus David Desharnais in Staline zone.
14:35 of 2nd period - Wrist shot by Dany Roussin.
14:35 of 2nd period - Stopped by Allen York without a rebound.
14:36 of 2nd period - Ryan O'Reilly wins face-off versus David Desharnais in Staline zone.
14:44 of 2nd period - Icing by David Kolomatis.
14:45 of 2nd period - Tom Pyatt wins face-off versus David Desharnais in Staline zone.
14:46 of 2nd period - Snap shot by Adam Hall.
14:46 of 2nd period - Shot Misses the Net.
14:48 of 2nd period - Snap shot by Tom Pyatt.
14:48 of 2nd period - Stopped by Allen York with a rebound.
14:50 of 2nd period - Slapshot by Jordie Benn.
14:50 of 2nd period - Shot Blocked by David Kolomatis.
14:52 of 2nd period - Wrist shot by Matt Generous.
14:52 of 2nd period - Stopped by Allen York with a rebound.
14:58 of 2nd period - Snap shot by Adam Hall.
14:58 of 2nd period - Shot Misses the Net.
15:00 of 2nd period - Slapshot by Matt Generous.
15:00 of 2nd period - Deflect By Adam Hall.
15:00 of 2nd period - Goal by Adam Hall - Staline : 4 - Thunder : 2.
15:01 of 2nd period - Tom Pyatt wins face-off versus Nick Spaling in neutral zone.
15:10 of 2nd period - Slapshot by Adam Hall.
15:10 of 2nd period - Shot Misses the Net.
15:12 of 2nd period - Wrist shot by Tom Pyatt.
15:12 of 2nd period - Stopped by Allen York with a rebound.
15:14 of 2nd period - Snap shot by Tom Pyatt.
15:14 of 2nd period - Stopped by Allen York with a rebound.
15:16 of 2nd period - Wrist shot by Scott Parse.
15:16 of 2nd period - Shot Misses the Net.
15:26 of 2nd period - Jordan Caron is hit by Jordie Benn and loses puck.
16:02 of 2nd period - Icing by Andrei Loktionov.
16:03 of 2nd period - Tom Pyatt wins face-off versus Andrei Loktionov in Staline zone.
16:18 of 2nd period - Slapshot by Andrei Loktionov.
16:18 of 2nd period - Stopped by Barry Brust with a rebound.
16:38 of 2nd period - Icing by David Fischer.
16:39 of 2nd period - Ryan O'Reilly wins face-off versus Yan Stastny in Thunder zone.
16:56 of 2nd period - Slapshot by Ryan O'Reilly.
16:56 of 2nd period - Stopped by Allen York with a rebound.
17:35 of 2nd period - Slapshot by James Sheppard.
17:35 of 2nd period - Stopped by Barry Brust with a rebound.
17:49 of 2nd period - Aaron Ness is hit by Jordie Benn and loses puck.
17:54 of 2nd period - Snap shot by Scott Parse.
17:54 of 2nd period - Shot Misses the Net.
18:22 of 2nd period - Snap shot by Yan Stastny.
18:22 of 2nd period - Shot Misses the Net.
18:24 of 2nd period - Wrist shot by Yan Stastny.
18:24 of 2nd period - Shot Blocked by Jordie Benn.
18:40 of 2nd period - Slapshot by Andrei Loktionov.
18:40 of 2nd period - Stopped by Barry Brust with a rebound.
18:42 of 2nd period - Double Minor Penalty to Scott Parse for Roughing.
18:43 of 2nd period - Robin Leblanc wins face-off versus Andrei Loktionov in Thunder zone.
19:21 of 2nd period - Ryan O'Reilly is hit by Yan Stastny and loses puck.
Goals for this period are 2 for Staline vs 1 for Thunder.
Shots for this period are 12 for Staline vs 19 for Thunder.

3rd period


0:01 of 3rd period - Andrei Loktionov wins face-off versus Adam Hall in neutral zone.
0:04 of 3rd period - Slapshot by Stu Bickel.
0:04 of 3rd period - Stopped by Barry Brust without a rebound.
0:05 of 3rd period - Andrei Loktionov wins face-off versus Robin Leblanc in Thunder zone.
0:08 of 3rd period - Wrist shot by Evgeny Dadonov.
0:08 of 3rd period - Shot Misses the Net.
0:10 of 3rd period - Wrist shot by Mark Fraser.
0:10 of 3rd period - Stopped by Barry Brust without a rebound.
0:11 of 3rd period - Robin Leblanc wins face-off versus Andrei Loktionov in Thunder zone.
0:24 of 3rd period - Wrist shot by Adam Hall.
0:24 of 3rd period - Shot Misses the Net.
2:21 of 3rd period - Casey Pierro-Zabotel is hit by James Sheppard and loses puck.
2:42 of 3rd period - Penalty to Scott Parse is over, Scott Parse is back on ice.
2:48 of 3rd period - Brett Festerling is hit by Bryan Bickell and loses puck.
3:00 of 3rd period - Minor Penalty to Mat Clark for Holding.
3:01 of 3rd period - Yan Stastny wins face-off versus Scott Parse in Thunder zone.
3:27 of 3rd period - Snap shot by Evgeny Dadonov.
3:27 of 3rd period - Stopped by Barry Brust without a rebound.
3:28 of 3rd period - Scott Parse wins face-off versus Andrei Loktionov in Thunder zone.
3:43 of 3rd period - Snap shot by Andrei Loktionov.
3:43 of 3rd period - Shot Blocked by David Fischer.
5:00 of 3rd period - Penalty to Mat Clark is over, Mat Clark is back on ice.
5:25 of 3rd period - Slapshot by Bryan Bickell.
5:25 of 3rd period - Shot Misses the Net.
5:27 of 3rd period - Snap shot by Mark Stone.
5:27 of 3rd period - Stopped by Barry Brust with a rebound.
5:29 of 3rd period - Snap shot by Aaron Ness.
5:29 of 3rd period - Deflect By Cody Eakin.
5:29 of 3rd period - Goal by Cody Eakin - Staline : 5 - Thunder : 2.
5:30 of 3rd period - Andrei Loktionov wins face-off versus Ryan O'Reilly in neutral zone.
5:41 of 3rd period - Snap shot by Dany Roussin.
5:41 of 3rd period - Stopped by Allen York with a rebound.
5:43 of 3rd period - Slapshot by Matt Generous.
5:43 of 3rd period - Deflect By Ryan O'Reilly.
5:43 of 3rd period - Shot Blocked by Stu Bickel.
5:43 of 3rd period - Puck is out of play.
5:44 of 3rd period - Tom Pyatt wins face-off versus Yan Stastny in Staline zone.
5:58 of 3rd period - Minor Penalty to Mark Fraser for Interference.
5:59 of 3rd period - Tom Pyatt wins face-off versus Evgeny Dadonov in Staline zone.
7:31 of 3rd period - Aaron Ness is hit by Tom Pyatt and loses puck.
7:58 of 3rd period - Penalty to Mark Fraser is over, Mark Fraser is back on ice.
8:14 of 3rd period - Mat Clark is hit by Torey Krug and loses puck.
8:29 of 3rd period - James Sheppard is hit by Daultan Leveillé and loses puck.
8:40 of 3rd period - Daultan Leveillé is hit by Stu Bickel.
9:15 of 3rd period - Off-side.
9:16 of 3rd period - Tom Pyatt wins face-off versus Nick Spaling in neutral zone.
10:04 of 3rd period - Wrist shot by Robin Leblanc.
10:04 of 3rd period - Stopped by Allen York with a rebound.
10:06 of 3rd period - Snap shot by Casey Pierro-Zabotel.
10:06 of 3rd period - Shot Misses the Net.
10:42 of 3rd period - Slapshot by Aaron Ness.
10:42 of 3rd period - Shot Misses the Net.
10:44 of 3rd period - Wrist shot by Bryan Bickell.
10:44 of 3rd period - Shot Misses the Net.
10:46 of 3rd period - Snap shot by Mark Stone.
10:46 of 3rd period - Stopped by Barry Brust without a rebound.
10:47 of 3rd period - Ryan O'Reilly wins face-off versus Andrei Loktionov in Thunder zone.
11:09 of 3rd period - Icing by David Fischer.
11:10 of 3rd period - Brandon Mashinter wins face-off versus Yan Stastny in Thunder zone.
11:10 of 3rd period - Brandon Mashinter is hit by Nick Spaling.
11:24 of 3rd period - Snap shot by Robin Leblanc.
11:24 of 3rd period - Shot Misses the Net.
11:26 of 3rd period - Slapshot by David Fischer.
11:26 of 3rd period - Stopped by Allen York with a rebound.
11:36 of 3rd period - Tom Pyatt is hit by Aaron Ness and loses puck.
11:47 of 3rd period - Snap shot by Evgeny Dadonov.
11:47 of 3rd period - Stopped by Barry Brust with a rebound.
11:49 of 3rd period - Snap shot by Brian Gionta.
11:49 of 3rd period - Stopped by Barry Brust without a rebound.
11:50 of 3rd period - Ryan O'Reilly wins face-off versus David Desharnais in Thunder zone.
11:50 of 3rd period - Ryan O'Reilly is hit by Stu Bickel.
13:02 of 3rd period - Snap shot by Ryan O'Reilly.
13:02 of 3rd period - Shot Blocked by Mark Fraser.
13:04 of 3rd period - Slapshot by David Fischer.
13:04 of 3rd period - Shot Misses the Net.
13:06 of 3rd period - Snap shot by Ryan O'Reilly.
13:06 of 3rd period - Shot Blocked by Mark Stone.
13:39 of 3rd period - Wrist shot by Evgeny Dadonov.
13:39 of 3rd period - Deflect By Andrei Loktionov.
13:39 of 3rd period - Stopped by Barry Brust with a rebound.
13:45 of 3rd period - Evgeny Dadonov is hit by Scott Parse and loses puck.
14:02 of 3rd period - Snap shot by Brandon Mashinter.
14:02 of 3rd period - Shot Misses the Net.
14:04 of 3rd period - Snap shot by Casey Pierro-Zabotel.
14:04 of 3rd period - Shot Misses the Net.
14:21 of 3rd period - Off-side.
14:22 of 3rd period - Ryan O'Reilly wins face-off versus Cody Eakin in neutral zone.
14:31 of 3rd period - Snap shot by David Clarkson.
14:31 of 3rd period - Shot Blocked by David Kolomatis.
14:33 of 3rd period - Snap shot by Matt Generous.
14:33 of 3rd period - Shot Misses the Net.
14:35 of 3rd period - Wrist shot by Dany Roussin.
14:35 of 3rd period - Shot Blocked by David Kolomatis.
14:37 of 3rd period - Backhand shot by Jordie Benn.
14:37 of 3rd period - Stopped by Allen York with a rebound.
15:09 of 3rd period - Snap shot by Yan Stastny.
15:09 of 3rd period - Shot Misses the Net.
15:11 of 3rd period - Snap shot by Nick Spaling.
15:11 of 3rd period - Shot Misses the Net.
15:13 of 3rd period - Slapshot by Jiri Tlusty.
15:13 of 3rd period - Shot Misses the Net.
15:15 of 3rd period - Wrist shot by Jiri Tlusty.
15:15 of 3rd period - Stopped by Barry Brust with a rebound.
15:17 of 3rd period - Wrist shot by Yan Stastny.
15:17 of 3rd period - Stopped by Barry Brust with a rebound.
15:27 of 3rd period - David Desharnais is hit by Joey Ryan.
15:35 of 3rd period - Wrist shot by David Clarkson.
15:35 of 3rd period - Shot Misses the Net.
15:45 of 3rd period - Daultan Leveillé is hit by Evgeny Dadonov and loses puck.
15:52 of 3rd period - Snap shot by Andrei Loktionov.
15:52 of 3rd period - Stopped by Barry Brust with a rebound.
16:04 of 3rd period - Brett Festerling is hit by Greg Pateryn and loses puck.
16:09 of 3rd period - Snap shot by Mark Stone.
16:09 of 3rd period - Stopped by Barry Brust without a rebound.
16:10 of 3rd period - Andrei Loktionov wins face-off versus Ryan O'Reilly in Thunder zone.
16:11 of 3rd period - Snap shot by Brian Gionta.
16:11 of 3rd period - Stopped by Barry Brust with a rebound.
16:13 of 3rd period - Slapshot by Andrei Loktionov.
16:13 of 3rd period - Shot Hit the Post.
16:15 of 3rd period - Snap shot by Brian Gionta.
16:15 of 3rd period - Shot Misses the Net.
16:17 of 3rd period - Wrist shot by Andrei Loktionov.
16:17 of 3rd period - Goal by Andrei Loktionov - Staline : 6 - Thunder : 2.
16:18 of 3rd period - Tom Pyatt wins face-off versus Brian Gionta in neutral zone.
16:39 of 3rd period - Minor Penalty to Adam Hall for Hooking.
16:40 of 3rd period - Scott Parse wins face-off versus Andrei Loktionov in Thunder zone.
17:20 of 3rd period - Nick Spaling is hit by Jordie Benn and loses puck.
18:39 of 3rd period - Penalty to Adam Hall is over, Adam Hall is back on ice.
19:01 of 3rd period - Cody Eakin is hit by Casey Pierro-Zabotel and loses puck.
19:58 of 3rd period - Colby Cohen is hit by David Desharnais and loses puck.
Goals for this period are 2 for Staline vs 0 for Thunder.
Shots for this period are 15 for Staline vs 4 for Thunder.